 Dungeon Crawl Stone Soup version 0.23-a0-449-g8e4cbf7 (webtiles) character file.

12278 Darkshadow the Basher (level 11, -8/101 HPs)
             Began as a Minotaur Berserker on Nov 21, 2018.
             Was a High Priest of Trog.
             Killed by divine providence
             ... invoked by a meliai
             ... summoned by a human
              (13 damage)
             ... on level 13 of the Dungeon.
             The game lasted 00:33:38 (11916 turns).

Darkshadow the Basher (Minotaur Berserker)         Turns: 11916, Time: 00:33:38

Health: -8/101     AC: 18    Str: 23    XL:     11   Next: 60%
Magic:  10/10      EV:  7    Int:  4    God:    Trog [*****.]
Gold:   688        SH: 12    Dex: 12    Spells: 10/10 levels left

rFire    + . .     SeeInvis .   a - +0 morningstar (drain)
rCold    . . .     Gourm    .   z - +0 shield
rNeg     . . .     Faith    .   p - +1 plate armour
rPois    .         Spirit   .   (helmet restricted)
rElec    .         Reflect  .   (no cloak)
rCorr    .         Harm     .   x - +0 pair of gloves
MR       +....                  y - +0 pair of boots
Stlth    ..........             (no amulet)
HPRegen  0.26/turn              u - ring of protection from magic
MPRegen  0.12/turn              X - ring of protection from fire

@: no status effects
A: retaliatory headbutt, horns 2
a: Berserk, Trog's Hand, Brothers in Arms, Renounce Religion


You were on level 13 of the Dungeon.
You worshipped Trog.
Trog was extremely pleased with you.
You were not hungry.

You visited 1 branch of the dungeon, and saw 13 of its levels.
You also visited: Sewer.

You collected 688 gold pieces.

Inventory:

Hand Weapons
 a - a +0 morningstar of draining (weapon)
 b - a +0 fustibalus
 K - a +1 flail of protection
 L - a +0 mace
Missiles
 e - 643 stones (quivered)
Armour
 p - a +1 plate armour (worn)
 x - a +0 pair of gloves (worn)
 y - a +0 pair of boots (worn)
 z - a +0 shield (worn)
 O - a +0 animal skin
Jewellery
 u - a ring of protection from magic (left hand)
 E - a +3 ring of evasion
 U - a +4 ring of protection
 X - a ring of protection from fire (right hand)
Wands
 v - a wand of flame (40)
 F - a wand of random effects (20)
 P - a wand of enslavement (10)
 R - a wand of acid (21)
 S - a wand of paralysis (11)
 T - a wand of digging (7)
Scrolls
 d - 3 scrolls of enchant armour
 g - 5 scrolls of remove curse {@r2}
 k - 6 scrolls of magic mapping
 l - 3 scrolls of amnesia
 m - 2 scrolls of fear {unknown}
 n - 8 scrolls of identify {@r1}
 o - a scroll of fog {unknown}
 q - 4 scrolls of noise {unknown}
 r - 3 scrolls of teleportation
 s - 4 scrolls of blinking
 w - 2 scrolls of random uselessness {unknown}
 G - a scroll of brand weapon {unknown}
 J - 2 scrolls of enchant weapon {unknown}
 M - a scroll of immolation {unknown}
 V - a scroll of torment {unknown}
Potions
 f - 9 potions of curing {@q1}
 h - 6 potions of brilliance
 i - 3 potions of cancellation {unknown}
 j - 5 potions of lignification
 t - 6 potions of heal wounds
 A - 2 potions of flight
 B - a potion of might {unknown}
 C - a potion of agility {unknown}
 D - 2 potions of haste {unknown}
 H - 3 potions of mutation {unknown}
 I - a potion of berserk rage
 N - a potion of magic {unknown}
 Q - 2 potions of degeneration {unknown}
 Y - 2 potions of resistance {unknown}
Comestibles
 c - 27 rations


   Skills:
 + Level 10.7 Fighting
 * Level 13.9 Maces & Flails
 + Level 10.5 Armour
 - Level 3.3 Dodging
 + Level 9.3 Shields


You had 10 spell levels left.
You didn't know any spells.
Your spell library was empty.

Dungeon Overview and Level Annotations

Branches:
Dungeon (13/15)            Temple (0/1) D:4            Lair (0/6) D:9
    Orc (0/2) D:12
 Vaults: D:13-14

Altars:
Cheibriados
Dithmenos
Hepliaklqana
Kikubaaqudgha
Nemelex Xobeh
Qazlal
Ru
Sif Muna
Trog
Uskayaw
Xom
Yredelemnul
Zin

Shops:
D:6 ![%:


Innate Abilities, Weirdness & Mutations

You reflexively headbutt those who attack you in melee.
You have a pair of horns on your head.


Message History

You feel somewhat more hungry.
The centaur warrior skeleton hits you but does no damage.
The meliai calls down the wrath of its god upon you.
Something smites you!
The meliai calls down the wrath of its god upon you.
Something smites you!
* * * LOW HITPOINT WARNING * * *
The meliai calls down the wrath of its god upon you.
Something smites you!
* * * LOW HITPOINT WARNING * * *
You block the centaur warrior skeleton's attack.
You swap places.
Your ogre hits the centaur warrior skeleton with a +0 giant spiked club!
The centaur warrior skeleton completely misses your ogre.
The meliai mumbles some strange prayers to its god against you.
Something smites you!
* * * LOW HITPOINT WARNING * * *
The meliai calls down the wrath of its god upon you.
Something smites you!
You die...

...# #..# ...# #..# #.......#
...# #..# #........ ...# #..#
#........ ...# #..# #........
...# #..# #........
...#########..# #........
..............#########.$......
................@.OZpyyy.......
###############################


You could see a human, 3 meliai, a centaur warrior skeleton and a friendly ogre
(berserk).

Vanquished Creatures
  A hydra (D:12)
  An unseen horror (D:12)
  An ugly thing (D:12)
  A black mamba (shapeshifter) (D:13)
  A centaur zombie (D:13)
  A gargoyle (D:11)
  An efreet (D:12)
  2 trolls
  Grinder (D:4)
  4 hippogriffs
  A shadow (D:11)
  5 yaks (D:12)
  2 humans (D:13)
  3 vampire mosquitoes (D:12)
  3 hungry ghosts
  A porcupine (D:9)
  6 orc warriors
  A sky beast (D:8)
  2 ice beasts
  2 black bears
  6 ogres
  2 phantoms (D:7)
  An ogre (shapeshifter) (D:13)
  4 centaurs
  A crocodile (D:11)
  3 big kobolds
  A gnoll sergeant (D:10)
  A bullfrog (D:9)
  A water moccasin zombie (D:10)
  2 scorpions
  11 killer bees
  9 wights
  4 howler monkeys
  3 crimson imps
  6 hounds
  A quasit (D:6)
  2 bullfrog zombies
  8 orc priests
  A centaur skeleton (D:4)
  3 jellies
  2 bullfrog skeletons
  Jessica (D:2)
  4 iguanas
  7 orc wizards
  Ijyb (D:4)
  Natasha (D:2)
  8 worker ants
  A hound skeleton (D:11)
  11 gnolls
  A howler monkey skeleton (D:9)
  14 adders
  7 river rats (Sewer)
  2 shadow imps
  An adder skeleton (D:7)
  An adder zombie (D:9)
  2 worms (D:4)
  A dart slug (D:3)
  8 leopard geckos
  37 orcs
  4 ball pythons (Sewer)
  12 giant cockroaches
  18 goblins
  16 hobgoblins
  8 jackals
  40 kobolds
  7 quokkas
  A ball python skeleton (D:5)
  3 bats (D:1)
  3 frilled lizards
  A jackal zombie (D:6)
  A leopard gecko skeleton (D:5)
  23 rats
357 creatures vanquished.

Vanquished Creatures (collateral kills)
  A two-headed ogre (D:12)
  A black bear (D:9)
  A scorpion (D:9)
  4 killer bees (D:9)
  A howler monkey (D:9)
  An orc priest (D:9)
  17 orcs (D:9)
26 creatures vanquished.

Vanquished Creatures (others)
  7 fungi (D:9)
7 creatures vanquished.

Grand Total: 390 creatures vanquished

Notes
Turn   | Place    | Note
-------+----------+-------------------------------------------
     0 | D:1      | Darkshadow the Minotaur Berserker began the quest for the
                  | Orb.
     0 | D:1      | Reached XP level 1. HP: 19/19 MP: 0/0
   133 | D:1      | Reached XP level 2. HP: 24/27 MP: 1/1
   584 | D:1      | Reached skill level 4 in Maces & Flails
   995 | D:2      | Reached XP level 3. HP: 10/33 MP: 2/2
  1266 | D:2      | Noticed an ogre
  1290 | D:2      | Killed an ogre
  1290 | D:2      | Reached ** piety under Trog
  1290 | D:2      | Reached XP level 4. HP: 41/41 MP: 3/3
  1642 | D:2      | Noticed Natasha
  1648 | D:2      | Killed Natasha
  1648 | D:2      | Reached XP level 5. HP: 47/47 MP: 4/4
  1673 | D:2      | Noticed Jessica
  1696 | D:2      | Killed Jessica
  1696 | D:2      | Reached skill level 5 in Maces & Flails
  2094 | D:3      | Found a shadowy altar of Dithmenos.
  2097 | D:3      | Found an ancient bone altar of Kikubaaqudgha.
  2100 | D:3      | Found a hazy altar of Hepliaklqana.
  2507 | D:4      | Found a glowing drain.
  2522 | Sewer    | Entered a sewer
  2622 | Sewer    | Reached skill level 5 in Fighting
  2646 | Sewer    | Reached *** piety under Trog
  2651 | Sewer    | Reached XP level 6. HP: 22/56 MP: 5/5
  3445 | D:4      | Reached skill level 6 in Maces & Flails
  3483 | D:4      | Reached skill level 1 in Shields
  3613 | D:4      | Found a staircase to the Ecumenical Temple.
  3653 | D:4      | Noticed Ijyb
  3669 | D:4      | Killed Ijyb
  3669 | D:4      | Reached XP level 7. HP: 61/61 MP: 6/6
  3688 | D:4      | Noticed Grinder
  3700 | D:4      | Killed Grinder
  3700 | D:4      | Reached skill level 7 in Maces & Flails
  3700 | D:4      | Reached skill level 5 in Armour
  4101 | D:5      | Entered Level 5 of the Dungeon
  4113 | D:5      | Found a snail-covered altar of Cheibriados.
  4210 | D:5      | Reached **** piety under Trog
  4465 | D:5      | Found a bloodstained altar of Trog.
  4483 | D:5      | Found a deep blue altar of Sif Muna.
  4485 | D:5      | Found a hide-covered altar of Uskayaw.
  4549 | D:5      | Reached XP level 8. HP: 54/71 MP: 7/7
  5023 | D:5      | Found a sparkling altar of Nemelex Xobeh.
  5279 | D:5      | Reached skill level 8 in Maces & Flails
  5339 | D:6      | Found a basalt altar of Yredelemnul.
  5378 | D:6      | Found Syizour's Food Shop.
  5379 | D:6      | Noticed an angel
  5383 | D:6      | Found a glowing silver altar of Zin.
  5383 | D:6      | Found a shimmering altar of Xom.
  5421 | D:6      | Found Ireur's Armour Boutique.
  5839 | D:6      | Found Acadur's Distillery.
  5988 | D:6      | Found a sparkling altar of Nemelex Xobeh.
  5988 | D:6      | Found a stormy altar of Qazlal.
  6033 | D:6      | Found Tacoe's Book Shop.
  6102 | D:6      | Reached skill level 9 in Maces & Flails
  6131 | D:6      | You fall through a shaft for 2 floors!
  6286 | D:7      | Found a sacrificial altar of Ru.
  6312 | D:7      | Reached skill level 5 in Shields
  6312 | D:7      | Reached XP level 9. HP: 79/79 MP: 8/8
  6396 | D:7      | Reached ***** piety under Trog
  6789 | D:6      | Reached skill level 10 in Maces & Flails
  7192 | D:7      | Found a shadowy altar of Dithmenos.
  7436 | D:8      | Found a bloodstained altar of Trog.
  7947 | D:9      | Reached skill level 11 in Maces & Flails
  7969 | D:9      | Found a staircase to the Lair.
  7990 | D:9      | Reached XP level 10. HP: 55/90 MP: 9/9
  8968 | D:10     | Entered Level 10 of the Dungeon
  9400 | D:10     | Received a gift from Trog
  9464 | D:10     | Reached skill level 12 in Maces & Flails
 10150 | D:11     | Noticed a gargoyle
 10160 | D:11     | Killed a gargoyle
 10663 | D:12     | Noticed a four-headed hydra
 10663 | D:12     | Noticed a red ugly thing
 10674 | D:12     | Killed a four-headed hydra
 10674 | D:12     | Reached skill level 10 in Fighting
 10674 | D:12     | Reached XP level 11. HP: 99/99 MP: 10/10
 10679 | D:12     | Killed a red ugly thing
 10679 | D:12     | Reached skill level 13 in Maces & Flails
 10828 | D:12     | Reached skill level 10 in Armour
 10963 | D:12     | Noticed a two-headed ogre
 10968 | D:12     | Killed a two-headed ogre
 11038 | D:12     | Found a staircase to the Orcish Mines.
 11171 | D:12     | Killed an unseen horror
 11487 | D:13     | Received a gift from Trog
 11915 | D:13     | HP: 5/101 [meliai/divine providence[a human] (11)]
 11916 | D:13     | Killed from afar by a meliai

Vault maps used:
D:1:      minmay_arrival_three_doors, minmay_misc_feat_enclosed,
          minmay_hedge_maze, minmay_misc_feat_diagonals, palyth_stone_intersect,
          hex_medium, eino_curves_04
D:2:      uniq_natasha, uniq_jessica
D:3:      grunt_temple_overflow_diamond
D:4:      minmay_temple_entry_offerings, first_ration,
          cheibrodos_sewer_entry_bend, uniq_grinder, uniq_ijyb
D:5:      corexii_shantytown, lemuel_round_altar, minitemple, basic_altar
D:6:      grunt_temple_overflow_order_and_chaos_1, grunt_temple_overflow_open,
          serial_shops, nicolae_shop_crystal, shop, nicolae_shop_crystal, shop
D:7:      nicolae_ru_sacrificial_ziggurat, grunt_dithmenos_shadows
D:8:      trog_hazing_becter
D:9:      grunt_lair_entry_orc_guard_hut, special_room
D:12:     orc_0_dummy
D:13:     grunt_vaults_entry_tiered
Sewer:    sewer_minmay_treatment

Skill      XL: |  1  2  3  4  5  6  7  8  9 10 11 |
---------------+----------------------------------+-----
Maces & Flails | 4 5 6 7 9 11 12 13 | 13.9
Fighting       | 4 5 6 7 8 10 | 10.7
Armour         | 3 4 5 7 8 9 10 | 10.5
Dodging        | 3 |  3.3
Shields        | 1 3 5 6 8 9 |  9.3

Action                   |  1- 3 |  4- 6 |  7- 9 | 10-12 || total
-------------------------+-------+-------+-------+-------++-------
Melee: Mace              |    66 |   178 |   273 |       ||   517
       Headbutt          |    14 |    20 |    69 |    81 ||   184
       Morningstar       |       |       |   106 |   397 ||   503
       Flail             |       |       |    31 |       ||    31
 Fire: Fustibalus        |       |       |    25 |    19 ||    44
Throw: Stone             |     2 |       |       |       ||     2
Invok: Berserk           |     2 |     5 |     6 |     4 ||    17
       Trog's Hand       |       |     1 |       |       ||     1
       Brothers in Arms  |       |       |     2 |     4 ||     6
  Use: Scroll            |       |       |    13 |       ||    13
  Eat: Chunk             |     2 |    11 |    15 |    14 ||    42
       Ration            |       |     1 |     2 |     2 ||     5
Armor: Animal skin       |    13 |     3 |       |       ||    16
       Plate armour      |       |   161 |   178 |   227 ||   566
Dodge: Dodged            |    31 |    76 |   147 |   108 ||   362
Block: Shield            |       |    42 |   199 |   261 ||   502

Table legend:
 A = Non-vault XP
 B = Vault XP
 C = Vault XP percentage of total XP
 D = Non-vault monster count
 E = Vault monster count
 F = Vault count percentage of total count
                 A         B        C        D         E       F
            +---------+---------+-------+---------+---------+-------
      Total |   15774 |    1766 |  10.1 |     262 |     121 |  31.6
            +---------+---------+-------+---------+---------+-------
        D:1 |      34 |       0 |   0.0 |      20 |       0 |   0.0
        D:2 |     156 |      72 |  31.6 |      14 |       2 |  12.5
        D:3 |      39 |       0 |   0.0 |      15 |       0 |   0.0
        D:4 |     289 |     312 |  51.9 |      11 |       3 |  21.4
        D:5 |     447 |      84 |  15.8 |      19 |      29 |  60.4
        D:6 |     971 |       0 |   0.0 |      19 |       0 |   0.0
        D:7 |     877 |     127 |  12.6 |      18 |       1 |   5.3
        D:8 |     668 |      11 |   1.6 |      17 |       6 |  26.1
        D:9 |    1721 |     571 |  24.9 |      42 |      30 |  41.7
       D:10 |    2144 |       0 |   0.0 |      29 |       0 |   0.0
       D:11 |    1577 |       0 |   0.0 |      21 |       0 |   0.0
       D:12 |    5588 |       0 |   0.0 |      26 |       0 |   0.0
       D:13 |    1263 |     406 |  24.3 |      11 |       2 |  15.4
      Sewer |       0 |     183 | 100.0 |       0 |      48 | 100.0
            +---------+---------+-------+---------+---------+-------
